Map: Ephemeron LE

Players

Vanya - Winner!

  • Race: Zerg Zerg
  • Spawn Location: 5:00

Probe

  • Race: Protoss Protoss
  • Spawn Location: 11:00

Event: IEM Katowice 2020

VOD

Have the link to the VOD?

Description

Time

  • Played on: Feb. 24, 2020, 9:50 a.m.
  • Length: 11:17

All games in this series

Show
View Real Time Build Order
Export as new Build Order

Vanya Zerg - Winner!

Build Orders: Hatch First, Swarm Host 

Get SALT Encoding   

  12  0:00  Drone  
  13  0:12  Overlord  
  13  0:16  Drone  
  14  0:30  Drone x2  
  16  0:48  Hatchery  
  15  0:51  Drone  
  15  0:55  Drone  
  17  0:58  Drone  
  18  1:08  Extractor  
  17  1:14  Spawning Pool  
  17  1:17  Drone  
  17  1:20  Drone  
  18  1:27  Drone  
  19  1:38  Drone  
  20  1:49  Overlord  
  20  2:00  Queen x2  
  20  2:01  Zergling x4  
  26  2:11  Metabolic Boost  
  26  2:13  Drone x2  
  28  2:22  Drone x2  
  30  2:36  Hatchery  
  29  2:42  Drone  
  30  2:45  Queen  
  30  2:50  Overlord  
  32  2:54  Drone  
  32  2:55  Drone  
  34  3:06  Drone x2  
  34  3:09  Zergling x8  
  34  3:12  Zergling x2  
  41  3:17  Overlord  
  41  3:19  Drone x2  
  43  3:21  Drone  
  44  3:31  Overlord  
  44  3:37  Drone x2  
  44  3:40  Drone  
  47  3:41  Drone  
  47  3:43  Spore Crawler, Drone  
  47  3:45  Drone  
  48  3:55  Drone x6  
  52  4:00  Spore Crawler  
  52  4:01  Spore Crawler  
  50  4:05  Queen  
  52  4:10  Queen  
  52  4:11  Overlord  
  54  4:18  Drone x3  
  57  4:24  Overlord  
  57  4:35  Drone  
  57  4:36  Lair  
  57  4:37  Roach Warren, Overlord  
  57  4:41  Overlord  
  57  4:42  Drone  
  57  4:45  Drone x2  
  60  4:47  Extractor  
  60  4:48  Extractor  
  60  4:50  Drone  
  60  4:51  Drone x2  
  61  4:55  Drone x2  
  61  4:58  Drone x7  
  70  5:05  Overlord  
  70  5:10  Drone x2  
  72  5:18  Drone x3  
  72  5:20  Extractor, Drone x2  
  76  5:21  Extractor  
  76  5:22  Drone  
  76  5:24  Drone  
  76  5:27  Extractor  
  78  5:28  Drone x2  
  78  5:29  Drone x2  
  78  5:30  Evolution Chamber  
  78  5:31  Drone  
  80  5:37  Infestation Pit  
  80  5:38  Overseer  
  80  5:41  Drone  
  80  5:42  Overlord  
  80  5:43  Drone  
  78  5:50  Drone x2  
  80  5:58  Drone  
  80  5:59  Overlord  
  81  6:05  Hatchery  
  80  6:12  Overlord  
  80  6:15  Swarm Host x8  
  80  6:17  Overlord  
  104  6:21  Overlord  
  104  6:22  Swarm Host x2  
  110  6:31  Zerg Missile Weapons Level 1  
  110  6:34  Swarm Host x2  
  110  6:37  Roach x4  
  123  6:40  Queen  
  123  6:41  Queen  
  123  6:42  Overlord x2  
  127  6:47  Glial Reconstitution  
  127  6:49  Roach  
  127  6:50  Roach x3  
  127  6:52  Overlord  
  135  6:56  Roach  
  135  7:00  Overlord x2  
  137  7:02  Roach  
  137  7:03  Roach  
  137  7:05  Roach x3  
  147  7:12  Roach x3  
  153  7:21  Roach x6  
  165  7:26  Ravager x2  
  165  7:27  Ravager  
  165  7:28  Zergling x8  
  172  7:32  Ravager  
  172  7:36  Zergling x6  
  174  7:48  Zergling x4  
  174  7:49  Zergling x4  
  177  7:52  Zergling x4  
  177  7:53  Zergling x10  
  182  8:00  Zergling x12  
  180  8:08  Zergling x2  
  180  8:09  Zergling x4  
  180  8:11  Hive  
  176  8:12  Spire  
  176  8:17  Roach x3  
  164  8:27  Roach x6  
  167  8:41  Roach x8  
  175  8:46  Roach x3  
  174  8:53  Zerg Missile Weapons Level 2  
  171  8:57  Queen  
  173  9:04  Zergling x14  
  180  9:10  Overlord  
  180  9:11  Overlord  
  180  9:17  Overlord  
  180  9:18  Extractor  
  180  9:22  Extractor, Overlord  
  176  9:25  Greater Spire  
  173  9:32  Roach x9  
  191  9:42  Roach x4  
  191  9:43  Roach  
  196  9:49  Roach x2  
  191  9:54  Overlord  
  173  10:03  Roach x9  
  179  10:08  Drone x3  
  179  10:09  Drone x2  
  179  10:14  Roach x3  
  179  10:19  Hatchery  
  182  10:23  Zergling x2, Ravager x6  
  182  10:24  Zergling x12  
  182  10:26  Ravager x2  
  197  10:30  Zergling x4  
  199  10:40  Zergling x2  
Show
View Real Time Build Order
Export as new Build Order

Probe Protoss 

Build Orders: 1 Gate Expand, Oracle Opening, Phoenix Opening, Archon Immortal 

Get SALT Encoding   

  12  0:00  Probe  
  13  0:13  Probe  
  14  0:19  Pylon  
  14  0:25  Probe  
  15  0:29  Assimilator  
  15  0:37  Probe (Chrono Boost)  
  16  0:44  Gateway  
  16  0:47  Probe (Chrono Boost)  
  17  0:52  Probe (Chrono Boost)  
  18  1:04  Probe  
  19  1:16  Probe  
  20  1:25  Nexus  
  20  1:36  Cybernetics Core  
  20  1:38  Probe  
  21  1:47  Assimilator  
  21  1:50  Probe  
  22  1:54  Pylon  
  22  2:02  Probe  
  23  2:09  Adept (Chrono Boost)  
  23  2:10  Probe  
  26  2:18  Probe, Stargate  
  27  2:23  Warp Gate  
  27  2:32  Adept  
  31  2:37  Probe (Chrono Boost)  
  31  2:39  Probe (Chrono Boost)  
  31  2:46  Probe (Chrono Boost)  
  31  2:49  Probe (Chrono Boost)  
  33  2:51  Probe (Chrono Boost)  
  34  2:58  Probe  
  34  3:02  Oracle (Chrono Boost)  
  34  3:03  Probe  
  39  3:09  Pylon  
  39  3:10  Probe  
  40  3:15  Probe  
  40  3:17  Gateway  
  41  3:23  Probe  
  42  3:28  Assimilator  
  42  3:29  Probe  
  42  3:32  Assimilator  
  42  3:33  Phoenix (Chrono Boost)  
  45  3:35  Probe  
  45  3:41  Probe  
  47  3:45  Robotics Facility  
  47  3:47  Probe  
  48  3:53  Probe, Gateway  
  47  3:59  Probe, Oracle (Chrono Boost)  
  51  4:05  Probe  
  52  4:11  Probe, Pylon  
  52  4:15  Pylon  
  53  4:17  Probe  
  54  4:29  Probe x2  
  54  4:30  Adept x2  
  60  4:32  Observer  
  61  4:39  Pylon  
  61  4:41  Probe x2  
  63  4:50  Pylon  
  63  4:53  Probe x2, Pylon, Nexus  
  63  4:59  Forge, Twilight Council  
  65  5:05  Immortal (Chrono Boost)  
  65  5:11  Sentry x2  
  73  5:15  Probe x2  
  75  5:25  Gateway  
  75  5:26  Gateway  
  75  5:27  Probe x2  
  77  5:35  Immortal (Chrono Boost)  
  77  5:39  Probe  
  82  5:45  Protoss Ground Weapons Level 1, Charge  
  82  5:46  Probe  
  83  5:51  Probe  
  84  5:58  Probe  
  84  6:01  Shield Battery  
  84  6:03  Probe, Gateway  
  86  6:04  Pylon  
  86  6:05  Templar Archives  
  86  6:06  Probe  
  86  6:10  Probe, Observer  
  89  6:15  Probe  
  89  6:18  Probe  
  91  6:22  Probe  
  91  6:23  Zealot x2  
  91  6:24  Zealot  
  98  6:27  Probe  
  98  6:30  Probe  
  100  6:34  Probe  
  100  6:37  Gateway  
  101  6:40  Pylon, Immortal (Chrono Boost)  
  101  6:41  Gateway  
  101  6:43  Gateway  
  105  6:49  High Templar x2  
  105  6:50  High Templar x2  
  105  6:52  Assimilator x2  
  105  6:54  Archon x2, Pylon  
  113  7:06  Pylon x2  
  113  7:07  Shield Battery  
  113  7:08  Shield Battery  
  113  7:11  Pylon  
  113  7:14  Probe, Pylon  
  114  7:18  High Templar  
  114  7:20  Photon Cannon  
  114  7:21  Shield Battery x2  
  114  7:22  High Templar  
  118  7:23  Immortal (Chrono Boost)  
  118  7:27  Archon, Zealot  
  122  7:32  Zealot x2  
  122  7:35  Robotics Facility  
  124  7:44  Zealot x2  
  124  7:45  Zealot  
  124  7:56  Zealot x2  
  124  7:57  Immortal (Chrono Boost), Zealot  
  133  8:09  Zealot x5  
  133  8:12  Shield Battery  
  136  8:14  Shield Battery  
  136  8:16  Shield Battery  
  136  8:26  Zealot x3  
  134  8:33  Immortal (Chrono Boost), Zealot x3  
  134  8:34  Zealot  
  121  8:37  Probe  
  114  8:43  Zealot  
  110  8:50  Probe x2, Immortal (Chrono Boost)  
  109  8:56  High Templar x4  
  109  8:57  Zealot x3  
  109  9:00  Archon  
  109  9:01  Archon  
  123  9:06  Immortal (Chrono Boost)  
  123  9:07  Zealot  
  129  9:26  High Templar x2, Zealot  
  129  9:30  Archon  
  133  9:31  Immortal  
  133  9:32  Zealot x5  
  147  9:42  Immortal  
  131  9:50  Zealot  
  117  9:55  Zealot x5  
  113  10:01  Zealot x2  
  105  10:10  Immortal  
  99  10:18  High Templar x3  
  99  10:19  High Templar, Zealot x2  
  107  10:22  Archon  
  107  10:23  Archon  
  107  10:27  Shield Battery  
  107  10:30  Shield Battery  
  107  10:31  Zealot  
  107  10:32  Zealot  
  107  10:33  Shield Battery  
  111  10:38  Zealot  
  109  10:49  Zealot  
  105  10:50  Zealot x2  
  105  10:56  Zealot x2  
  101  11:01  Zealot x2  

Tags
 
Add a new tag
Caveats
  • Supply blocks, unpowered buildings, or Contaminate may cause inaccurate times.
  • Supply counts are checked every 10 seconds.